 Dungeon Crawl Stone Soup version 0.22-a0-247-gbddf880 (webtiles) character file.

284 wolfsongas the Quickloader (level 6, 0/50 HPs)
             Began as a Gnoll Hunter on Feb 23, 2018.
             Slain by Maxmaps's ghost (6 damage)
             ... on level 4 of the Dungeon.
             The game lasted 00:04:13 (2565 turns).

wolfsongas the Quickloader (Gnoll Hunter)           Turns: 2565, Time: 00:04:14

Health: 0/50       AC:  7    Str: 16    XL:     6   Next: 29%
Magic:  8/8        EV: 19    Int: 13    God:
Gold:   159        SH:  5    Dex: 21    Spells: 8/8 levels left

rFire    x . .     SeeInvis .   a - +0 hand axe (freeze)
rCold    + . .     Gourm    .   g - +0 buckler
rNeg     . . .     Faith    .   j - +0 ring mail (curse)
rPois    .         Spirit   .   (no helmet)
rElec    .         Reflect  .   n - +0 cloak
rCorr    .         Harm     .   m - +0 pair of gloves
MR       .....                  (no boots)
Stlth    +++.......             (no amulet)
HPRegen  0.16/turn              q - ring of ice
MPRegen  0.11/turn              (no ring)

@: agile, flying
A: distributed training, fangs 1, strong nose
a: no special abilities


You were on level 4 of the Dungeon.
You were not hungry.

You visited 1 branch of the dungeon, and saw 4 of its levels.

You collected 159 gold pieces.

Inventory:

Hand Weapons
 a - a +0 hand axe of freezing (weapon)
 b - a +1 hand crossbow
Missiles
 d - 41 bolts
Armour
 g - a +0 buckler (worn)
 j - a cursed +0 ring mail (worn)
 m - a +0 pair of gloves (worn)
 n - a +0 cloak (worn)
Jewellery
 q - a ring of ice (left hand)
Scrolls
 h - a scroll of magic mapping
 o - a scroll of remove curse {unknown}
 p - a scroll of teleportation {unknown}
 s - a scroll of fog {unknown}
Potions
 k - 2 potions of brilliance
 l - a potion of flight
Comestibles
 f - 4 rations
 r - 9 chunks of flesh


   Skills:
 + Level 4.9 Fighting
 + Level 1.8 Short Blades
 + Level 1.8 Long Blades
 + Level 1.8 Axes
 + Level 1.8 Maces & Flails
 + Level 1.8 Polearms
 + Level 1.8 Staves
 + Level 1.8 Slings
 + Level 1.8 Bows
 + Level 8.7 Crossbows
 + Level 1.8 Throwing
 + Level 1.8 Armour
 + Level 4.9 Dodging
 + Level 3.0 Stealth
 + Level 1.8 Shields
 + Level 1.8 Unarmed Combat
 + Level 1.8 Spellcasting
 + Level 1.4 Conjurations
 + Level 1.4 Hexes
 + Level 1.4 Charms
 + Level 1.4 Summonings
 + Level 1.4 Necromancy
 + Level 1.4 Translocations
 + Level 1.4 Transmutations
 + Level 1.4 Fire Magic
 + Level 1.4 Ice Magic
 + Level 1.4 Air Magic
 + Level 1.4 Earth Magic
 + Level 1.4 Poison Magic
 + Level 2.0 Invocations
 + Level 1.8 Evocations


You had 8 spell levels left.
You didn't know any spells.

Dungeon Overview and Level Annotations

Branches:
Dungeon (4/15)
 Temple: D:4-7

Altars:
Wu Jian

Annotations:
D:4 Dowan; Duvessa; Maxmaps's ghost, novice DsWn


Innate Abilities, Weirdness & Mutations

Your experience applies equally to all skills.
You have very sharp teeth.
Your uncanny sense of smell can sniff out nearby items.


Message History

Maxmaps's ghost hits you but does no damage.
You hit Duvessa but do no damage. Your bite misses Duvessa.
Duvessa is severely wounded.
You closely miss Maxmaps's ghost. You block Duvessa's attack.
Maxmaps's ghost closely misses you. You block Duvessa's attack.
Your ring mail prevents you from hitting Duvessa.
Duvessa is severely wounded.
You closely miss Maxmaps's ghost.
Dowan is no longer unusually resistant.
Duvessa misses you.
Dowan mumbles some strange words.
Dowan blinks!
Maxmaps's ghost hits you.
* * * LOW HITPOINT WARNING * * *
You hit Duvessa. You freeze Duvessa.
Duvessa is almost dead.
You hit Maxmaps's ghost but do no damage.
Duvessa hits you with a rapier.
* * * LOW HITPOINT WARNING * * *
Maxmaps's ghost stares at you. Maxmaps's ghost hits you.
You die...

............#
............# ....
............# ....
............# .....
............#######.....
........................
..####...#.....§........
..# #..........e†......
..# #.........W@e.(....
..# #..................
### #...#..............
##.##..........####
#.##..........#
###.##..........#
#.....#.#########
#.#.#.#.# #.#...#.#


You could see Duvessa, Dowan and Maxmaps's ghost.

Vanquished Creatures
  A scorpion (D:4)
  The ghost of doggme the Skirmisher, a weakling DrCK of Xom (D:3)
  A hound (D:4)
  Crazy Yiuf (D:2)
  An orc wizard (D:4)
  A hound skeleton (D:4)
  2 adders
  2 oozes
  A worm (D:2)
  2 dart slugs
  A leopard gecko (D:4)
  4 orcs
  4 giant cockroaches
  5 goblins
  4 hobgoblins
  3 jackals (D:4)
  2 quokkas
  6 bats
  A frilled lizard (D:2)
  9 kobolds
  3 rats
55 creatures vanquished.

Notes
Turn   | Place    | Note
-------+----------+-------------------------------------------
     0 | D:1      | wolfsongas the Gnoll Hunter began the quest for the Orb.
     0 | D:1      | Reached XP level 1. HP: 20/20 MP: 1/1
   342 | D:1      | Reached XP level 2. HP: 26/26 MP: 2/2
   797 | D:2      | Reached XP level 3. HP: 29/31 MP: 3/3
  1051 | D:2      | Found a runed door.
  1057 | D:2      | Noticed Crazy Yiuf
  1064 | D:2      | Killed Crazy Yiuf
  1064 | D:2      | Reached skill level 1 in Short Blades
  1064 | D:2      | Reached skill level 1 in Long Blades
  1064 | D:2      | Reached skill level 1 in Axes
  1064 | D:2      | Reached skill level 1 in Maces & Flails
  1064 | D:2      | Reached skill level 1 in Polearms
  1064 | D:2      | Reached skill level 1 in Staves
  1064 | D:2      | Reached skill level 1 in Slings
  1064 | D:2      | Reached skill level 1 in Bows
  1064 | D:2      | Reached skill level 1 in Throwing
  1064 | D:2      | Reached skill level 1 in Armour
  1064 | D:2      | Reached skill level 1 in Shields
  1064 | D:2      | Reached skill level 1 in Unarmed Combat
  1064 | D:2      | Reached skill level 1 in Spellcasting
  1064 | D:2      | Reached skill level 1 in Invocations
  1064 | D:2      | Reached skill level 1 in Evocations
  1064 | D:2      | Reached XP level 4. HP: 26/38 MP: 5/5
  1761 | D:3      | Found an ornate altar of the Wu Jian Council.
  1963 | D:3      | Noticed doggme's ghost (weakling DrCK)
  1972 | D:3      | Reached skill level 1 in Conjurations
  1972 | D:3      | Reached skill level 1 in Hexes
  1972 | D:3      | Reached skill level 1 in Charms
  1972 | D:3      | Reached skill level 1 in Summonings
  1972 | D:3      | Reached skill level 1 in Necromancy
  1972 | D:3      | Reached skill level 1 in Translocations
  1972 | D:3      | Reached skill level 1 in Transmutations
  1972 | D:3      | Reached skill level 1 in Fire Magic
  1972 | D:3      | Reached skill level 1 in Ice Magic
  1972 | D:3      | Reached skill level 1 in Air Magic
  1972 | D:3      | Reached skill level 1 in Earth Magic
  1972 | D:3      | Reached skill level 1 in Poison Magic
  1985 | D:3      | Killed doggme's ghost
  1985 | D:3      | Reached XP level 5. HP: 27/43 MP: 5/7
  2416 | D:4      | Reached XP level 6. HP: 42/50 MP: 8/8
  2530 | D:4      | Noticed Duvessa
  2536 | D:4      | Noticed Dowan
  2547 | D:4      | Noticed Maxmaps's ghost (novice DsWn)
  2565 | D:4      | Slain by Maxmaps's ghost

Vault maps used:
D:1:      evilmike_arrival_plus, feat_on_display
D:2:      serial_bayou_pond_a, uniq_crazy_yiuf_cottage
D:3:      nicolae_overflow_crystal_walls, wad_rectangle_vault
D:4:      okawaru_trees_1, nicolae_dithmenos_shadow_blocks, st_stairs_13,
          uniq_duvessa, uniq_natasha

Skill      XL: |  1  2  3  4  5  6 |
---------------+-------------------+-----
Short Blades   | 1 |  1.8
Long Blades    | 1 |  1.8
Axes           | 1 |  1.8
Maces & Flails | 1 |  1.8
Polearms       | 1 |  1.8
Staves         | 1 |  1.8
Slings         | 1 |  1.8
Bows           | 1 |  1.8
Throwing       | 1 |  1.8
Armour         | 1 |  1.8
Shields        | 1 |  1.8
Unarmed Combat | 1 |  1.8
Spellcasting   | 1 |  1.8
Invocations    | 1 2 |  2.0
Evocations     | 1 |  1.8
Conjurations   | 1 |  1.4
Hexes          | 1 |  1.4
Charms         | 1 |  1.4
Summonings     | 1 |  1.4
Necromancy     | 1 |  1.4
Translocations | 1 |  1.4
Transmutations | 1 |  1.4
Fire Magic     | 1 |  1.4
Ice Magic      | 1 |  1.4
Air Magic      | 1 |  1.4
Earth Magic    | 1 |  1.4
Poison Magic   | 1 |  1.4
Stealth        | 3 |  3.0
Fighting       | |  4.9
Crossbows      | |  8.7
Dodging        | |  4.9

Action                   |  1- 3 |  4- 6 || total
-------------------------+-------+-------++-------
Melee: Hand axe          |    36 |    96 ||   132
       Bite              |     4 |    10 ||    14
 Fire: Hand crossbow     |    42 |    11 ||    53
  Use: Scroll            |       |     5 ||     5
       Potion            |       |     6 ||     6
 Stab: Sleeping          |       |     2 ||     2
  Eat: Chunk             |       |     2 ||     2
       Ration            |       |     1 ||     1
Armor: Ring mail         |    13 |    58 ||    71
Dodge: Dodged            |    31 |   101 ||   132
Block: Buckler           |     9 |    27 ||    36

Table legend:
 A = Spawn XP
 B = Non-spawn XP
 C = Spawn XP percentage of total XP
 D = Spawn monster count
 E = Non-spawn monster count
 F = Spawn count percentage of total count
 G = Total turns spent on level
                    A         B        C        D         E        F      G
               +---------+---------+-------+---------+---------+-------+---------
         Total |       0 |     406 |   0.0 |       0 |      55 |   0.0 |  2565
               +---------+---------+-------+---------+---------+-------+---------
           D:1 |       0 |      22 |   0.0 |       0 |      14 |   0.0 |   636
           D:2 |       0 |      73 |   0.0 |       0 |      15 |   0.0 |  1037
           D:3 |       0 |     105 |   0.0 |       0 |      12 |   0.0 |   547
           D:4 |       0 |     206 |   0.0 |       0 |      14 |   0.0 |   345
               +---------+---------+-------+---------+---------+-------+---------
